AoeStats
← flynorc

Four Lakes

508660507Analyzed
1v1 RM · 7d ago on Sep 23, 2026· 40m 49s· 2 players
Game mode
Random Map
Map size
Tiny (2 player)
Population
200
Speed
Normal
Resources
Standard
Victory
Conquest
Starting age
Dark Age
Ending age
Imperial Age
RankedLock teamsTeams togetherTeam positionsShared explorationLock speedFull tech treeHidden civsTurbo modeCheats
Victory
Defeat
🇨🇳 Vikings · China
1435
+16
🇦🇹 Italians · Austria
1432
-16
flynorc
8:41 Loom
11:40 Feudal Age
12:46 Fishing Lines
16:03 Castle Age
13:58 Double-Bit Axe
15:48 Fletching
17:06 Medium Warships
18:37 Bow Saw
20:32 Bodkin Arrow
21:22 Man-at-Arms
22:06 Scale Mail Armor
22:14 Long Swordsman
24:43 Ballistics
27:45 Forging
30:48 Imperial Age
28:58 Chain Mail Armor
28:57 Squires
29:48 Padded Archer Armor
29:44 Guard Tower
29:55 Crossbowman
32:00 Iron Casting
31:27 Two-Handed Swordsman
33:51 Plate Mail Armor
33:12 Horse Collar
34:57 Wheelbarrow
34:09 Town Watch
35:04 Bracer
36:21 Padded Archer Armor
36:17 Capped Ram
42:09 Chemistry
黄金大肥
8:37 Loom
11:07 Feudal Age
11:38 Double-Bit Axe
12:27 Fishing Lines
13:08 Horse Collar
13:28 Town Watch
18:04 Castle Age
18:11 Scale Mail Armor
26:24 Squires
32:06 Imperial Age
31:19 Forging
32:09 Elite Varangian Guard
33:23 Chain Mail Armor
34:36 Plate Mail Armor
34:24 Arson
40:59 Conscription
Connection lost

Rejoining the realm…

Still unreachable

The connection could not be restored.

Session expired

The server has moved on; the page needs a fresh start.